 Dungeon Crawl Stone Soup version 0.19.1-1-g22dce08 (webtiles) character file.

81 McKennaii the Magician (level 4, 0/27 HPs)
             Began as a High Elf Wizard on Jan 6, 2017.
             Slain by an orc wizard
             ... wielding a +0 dagger
              (2 damage)
             ... on level 3 of the Dungeon.
             The game lasted 00:09:56 (1875 turns).

McKennaii the Magician (High Elf Wizard)            Turns: 1875, Time: 00:09:57

Health: 0/27       AC:  3    Str:  6    XL:     4   Next: 19%
Magic:  5/12       EV: 13    Int: 23    God:
Gold:   122        SH:  0    Dex: 13    Spells: 5 memorised, 4 levels left

rFire  . . .     SeeInvis .     (no weapon)
rCold  . . .     Gourm    .     a - +1 robe
rNeg   . . .     Faith    .     (no shield)
rPois  .         Spirit   .     b - +0 hat
rElec  .         Reflect  .     (no cloak)
rCorr  .         Harm     .     (no gloves)
MR     .....                    (no boots)
Stlth  +.........               (no amulet)
                                (no ring)
                                (no ring)

@: confused
A: no striking features
a: no special abilities


You were on level 3 of the Dungeon.
You were not hungry.

You visited 1 branch of the dungeon, and saw 3 of its levels.

You collected 122 gold pieces.

Inventory:

Armour
 a - a +1 robe (worn)
 b - a +0 hat (worn)
 d - a +4 ring mail
Scrolls
 f - a scroll of enchant weapon
 h - a scroll of identify {unknown}
Potions
 e - a potion of ambrosia {unknown}
 i - a potion of heal wounds
 j - 3 potions of berserk rage {unknown}
 k - 3 potions of flight {unknown}
 l - 2 potions of might {unknown}
Books
 c - a book of Minor Magic

   Spells                             Type                      Level
   a - Magic Dart                     Conjuration                  1
   b - Blink                          Translocation                2
   c - Call Imp                       Summoning                    2
   d - Repel Missiles                 Charms/Air                   2
   e - Slow                           Hexes                        2
   f - Conjure Flame                  Conjuration/Fire             3
   g - Mephitic Cloud                 Conjuration/Poison/Air       3
Comestibles
 g - a beef jerky


   Skills:
 + Level 0.2 Fighting
 + Level 2.5 Dodging
 + Level 2.6 Stealth
 + Level 5.0 Spellcasting
 + Level 1.7 Conjurations
 + Level 1.3 Summonings
 + Level 1.1 Translocations


You had 4 spell levels left.
You knew the following spells:

 Your Spells              Type           Power        Failure   Level  Hunger
a - Magic Dart            Conj           ##..         6%          1    None
b - Call Imp              Summ           ##......     10%         2    None
c - Blink                 Tloc           N/A          12%         2    None
d - Slow                  Hex            #.......     17%         2    None
e - Repel Missiles        Chrm/Air       #.....       17%         2    None


Dungeon Overview and Level Annotations

Branches:
Dungeon (3/15)

Altars:


Message History

Are you sure you want to stumble around while confused and next to your white imp? [Y]es or [N]o only, please.
Are you sure you want to stumble around while confused and next to your white imp?
Okay, then.
Are you sure you want to stumble around while confused and next to your white imp?
You bump into the rock wall.
Are you sure you want to stumble around while confused and next to your white imp?
You miss your white imp. The white imp completely misses you.
You closely miss the white imp. The white imp misses you.
The orc wizard mumbles some strange words.
The orc wizard flickers and vanishes!
Deactivating autopickup; reactivate with Ctrl-A.
You bump into the rock wall.
The white imp closely misses you. Something hits you but does no damage.
You're too confused to move!
The white imp gestures at you. The puff of frost hits you!
* * * LOW HITPOINT WARNING * * *
Something hits you.
You die...

#.# #..#....... #.#
#####.......... #.#
#......<.....## #)#
#.#######†..## #.#
#.# ####### #.#
#.#########.... #.#
#.##.....##.###
#5###.##.###.##.###
#.@##....#........#
##.####..#.#.#.###.
#.# #.......## ##
#.# #†##.#.## # #)#
#.##.#.# #.#
#.##.#.## # #)#
#.#.#.#.## ## #.#
#..###.#.###. #.#
#.#####......


You could see a white imp.

Vanquished Creatures
  An adder (D:2)
  2 dart slugs (D:1)
  3 leopard geckos (D:2)
  3 orcs (D:3)
  6 goblins
  5 hobgoblins
  3 jackals (D:3)
  5 kobolds
  3 bats
  A frilled lizard (D:3)
  6 rats
38 creatures vanquished.

Vanquished Creatures (collateral kills)
  Robin (D:2)
  3 orcs (D:3)
  A bat (D:3)
  5 goblins
  7 hobgoblins
  A jackal (D:3)
  A frilled lizard (D:2)
  A kobold (D:2)
20 creatures vanquished.

Grand Total: 58 creatures vanquished

Notes
Turn   | Place    | Note
-------+----------+-------------------------------------------
     0 | D:1      | McKennaii the High Elf Wizard began the quest for the Orb.
     0 | D:1      | Reached XP level 1. HP: 11/11 MP: 6/6
   116 | D:1      | Reached skill level 4 in Spellcasting
   185 | D:1      | Reached XP level 2. HP: 8/17 MP: 5/8
   497 | D:2      | Learned a level 2 spell: Call Imp
   500 | D:2      | Learned a level 2 spell: Blink
   503 | D:2      | Learned a level 2 spell: Slow
   506 | D:2      | Learned a level 2 spell: Repel Missiles
   606 | D:2      | Noticed Robin
   613 | D:2      | Reached XP level 3. HP: 21/21 MP: 5/10
   770 | D:2      | Reached skill level 1 in Summonings
   787 | D:2      | Killed Robin
  1585 | D:3      | Reached XP level 4. HP: 18/27 MP: 2/11
  1748 | D:3      | Reached skill level 5 in Spellcasting
  1875 | D:3      | Slain by an orc wizard

Skill      XL: |  1  2  3  4 |
---------------+-------------+-----
Spellcasting   | 4 5 |  5.0
Summonings     | 1 |  1.3
Fighting       | |  0.2
Dodging        | |  2.5
Stealth        | |  2.6
Conjurations   | |  1.7
Translocations | |  1.1

Action                   |  1- 3 |  4- 6 || total
-------------------------+-------+-------++-------
Melee: Unarmed           |    16 |     9 ||    25
       Short sword       |    26 |       ||    26
 Cast: Magic Dart        |    80 |    24 ||   104
       Call Imp          |     8 |     5 ||    13
  Use: Scroll            |     7 |       ||     7
  Eat: Bread ration      |     1 |       ||     1
Armor: Robe              |    24 |     3 ||    27
Dodge: Dodged            |    44 |    15 ||    59
